Map: Heavy Artillery LE

Players

Massa

  • Race: Terran Terran
  • League: Platinum
  • Spawn Location: 1:00

qqq

  • Race: Terran Terran
  • Spawn Location: 3:00

TIMAN - Winner!

  • Race: Terran Terran
  • Spawn Location: 7:00

GRRROVER - Winner!

  • Race: Zerg Zerg
  • Spawn Location: 7:00

VOD

Have the link to the VOD?

Description

Time

  • Played on: Nov. 7, 2020, 3:59 p.m.
  • Length: 20:54
Show
View Real Time Build Order
Export as new Build Order

Massa Terran 

Build Orders:  

Get SALT Encoding   

  12  0:00  SCV  
  13  0:13  SCV  
  14  0:18  Supply Depot  
  14  0:25  SCV  
  15  0:40  SCV  
  15  0:41  Refinery  
  16  0:44  Barracks  
  16  0:52  SCV  
  17  1:04  SCV  
  18  1:16  SCV  
  19  1:28  SCV  
  20  1:34  Reaper  
  21  1:44  Command Center  
  21  1:45  Orbital Command  
  21  2:05  Supply Depot  
  21  2:06  Marine  
  22  2:20  SCV  
  23  2:34  Factory  
  23  2:40  Barracks Reactor, SCV  
  24  2:45  Command Center  
  24  2:52  SCV  
  25  3:06  Orbital Command  
  25  3:07  SCV  
  25  3:11  Barracks  
  26  3:19  SCV  
  27  3:40  Factory Tech Lab  
  26  3:43  SCV x2  
  28  3:52  Engineering Bay  
  28  3:55  SCV x2  
  30  3:56  Orbital Command  
  30  4:01  Command Center  
  30  4:07  SCV x2, Barracks  
  32  4:11  Siege Tank  
  32  4:16  Marine x2  
  37  4:18  Barracks Tech Lab  
  37  4:24  SCV x2  
  37  4:25  SCV  
  37  4:31  Missile Turret  
  40  4:35  Missile Turret  
  40  4:36  SCV  
  40  4:37  SCV x2  
  43  4:39  Marine x2  
  43  4:44  Stimpack  
  45  4:48  SCV  
  46  4:53  Marauder  
  46  4:57  Marine x2  
  46  4:59  Refinery, Barracks Tech Lab  
  50  5:02  Refinery  
  50  5:05  Refinery  
  50  5:11  Terran Infantry Weapons Level 1  
  50  5:12  Missile Turret  
  50  5:15  Marauder  
  50  5:17  Missile Turret  
  50  5:20  Missile Turret  
  43  5:33  Missile Turret  
  36  5:48  SCV x4  
  40  6:00  SCV x3  
  43  6:12  SCV x3  
  43  6:13  Sensor Tower  
  46  6:20  Marauder x2, Marine x2  
  52  6:38  Marine  
  53  6:40  SCV  
  53  6:41  SCV x2, Marauder x2  
  60  6:50  Planetary Fortress  
  60  6:53  SCV x3  
  63  6:59  Siege Tank  
  63  7:01  Marine x2  
  67  7:03  Marauder x2  
  72  7:12  Combat Shield  
  72  7:14  Concussive Shells  
  72  7:18  Barracks, Marine  
  72  7:19  Marine  
  74  7:24  SCV  
  74  7:25  SCV  
  76  7:33  Supply Depot  
  76  7:34  Supply Depot  
  76  7:35  Supply Depot  
  76  7:36  Supply Depot  
  76  7:37  Supply Depot  
  76  7:47  Missile Turret  
  76  7:52  Missile Turret  
  76  7:55  SCV x4, Missile Turret  
  80  8:05  Marauder x2, Marine x2  
  84  8:07  SCV x4  
  90  8:13  Missile Turret  
  90  8:16  Starport  
  90  8:18  Missile Turret  
  90  8:19  SCV x2  
  92  8:20  Starport  
  92  8:23  Terran Infantry Armor Level 1, Armory  
  92  8:26  Engineering Bay  
  92  8:31  Marine  
  92  8:32  Marauder x2  
  97  8:37  Siege Tank  
  100  8:42  Factory  
  100  9:00  Marauder x2, Marine x2  
  106  9:09  Siege Tank  
  90  9:18  Marine x2  
  73  9:37  Marauder, Marine  
  73  9:38  Marauder, Marine  
  79  9:41  Factory Tech Lab  
  79  9:43  Siege Tank  
  82  9:49  Medivac x2  
  86  9:53  SCV x2  
  86  9:54  SCV  
  86  9:55  Marine  
  86  9:56  Marine  
  86  9:59  Marauder, Marine  
  91  10:13  Marine x2  
  93  10:15  Siege Tank  
  93  10:16  Marine  
  93  10:19  Viking  
  93  10:20  Marine  
  100  10:29  Command Center  
  100  10:31  Marine  
  101  10:37  Marine  
  101  10:39  Marine x2  
  87  11:00  Marauder  
  87  11:01  Marauder, Marine x2  
  93  11:07  SCV x3  
  96  11:18  Barracks  
  96  11:19  SCV x2, Marine  
  96  11:22  Marauder  
  101  11:39  Supply Depot  
  101  11:40  Marauder, Marine  
  101  11:41  Supply Depot  
  101  11:43  Marauder  
  101  11:45  Planetary Fortress  
  106  11:55  Supply Depot  
  106  11:59  Missile Turret  
  106  12:02  Marauder  
  106  12:03  Missile Turret  
  106  12:05  Supply Depot  
  106  12:07  Supply Depot  
  108  12:12  Supply Depot  
  108  12:15  Supply Depot  
  108  12:18  SCV x3  
  108  12:22  Missile Turret  
  111  12:24  Barracks Reactor  
  111  12:26  Marauder x2, Marine x2  
  111  12:29  Medivac  
  119  12:30  SCV x3, Medivac  
  124  12:42  SCV  
  125  12:47  Marauder  
  127  13:15  Marauder x2, Marine  
  127  13:16  Marine x3  
  135  13:21  Refinery  
  135  13:23  Refinery  
  135  13:25  Command Center  
  135  13:32  Barracks Tech Lab, Sensor Tower  
  135  13:33  Marine x3  
  138  13:34  Marine  
  138  13:36  Marauder x2  
  138  13:38  Siege Tank x2  
  149  13:44  SCV  
  149  13:45  SCV x3  
  153  13:51  Marine x3  
  153  13:52  Terran Infantry Armor Level 2, Terran Infantry Weapons Level 2, Marine  
  157  13:56  SCV  
  157  13:57  SCV x3  
  157  13:58  Marauder x2  
  165  14:08  Marine  
  165  14:09  Marine  
  167  14:10  Siege Tank  
  167  14:13  Sensor Tower  
  170  14:19  Marauder  
  170  14:20  Sensor Tower  
  172  14:31  Supply Depot  
  172  14:32  Supply Depot  
  172  14:33  Supply Depot  
  172  14:34  Supply Depot x2  
  172  14:37  Siege Tank  
  175  14:50  Marauder x2  
  175  14:51  Marauder, Marine x3  
  184  14:54  Supply Depot  
  184  14:55  Supply Depot  
  184  14:59  Supply Depot  
  184  15:11  Marauder  
  184  15:12  Marauder  
  127  15:53  Marauder x3, Marine  
  127  15:54  Marine x3  
  132  16:05  Medivac x2  
  129  16:11  Marine x2  
  129  16:14  Marauder x3  
  116  16:28  Planetary Fortress  
  112  16:35  Marauder, Medivac x2  
  112  16:36  SCV x4, Marauder x2  
  112  16:38  Siege Tank x2  
  132  16:40  Marine  
  132  16:41  Marine  
  134  16:48  SCV x4  
  123  16:57  Marauder x3  
  123  16:59  Marine x4  
  123  17:00  SCV  
  124  17:05  Medivac x2  
  128  17:10  Siege Tank x2  
  134  17:17  Marine x3  
  134  17:18  Marauder x3  
  143  17:24  Refinery  
  143  17:28  Refinery  
  143  17:32  Command Center  
  143  17:35  Medivac  
  145  17:40  Marauder x3  
  145  17:42  Siege Tank  
  154  17:46  Barracks x2  
  154  17:48  Barracks  
  154  18:12  Marauder x3  
  160  18:13  Marine x4  
  161  18:31  Marine x3  
  161  18:33  Marauder x2  
  167  18:34  Marauder  
  166  18:55  Marauder x3  
  165  19:11  Marine  
  165  19:12  Marine x3  
  165  19:13  Siege Tank x2  
  165  19:16  Marauder x2  
  165  19:17  Marauder  
  158  19:29  Marine  
  158  19:30  Marine x3  
  160  19:37  Marine x3  
  102  19:45  Siege Tank x2  
  102  19:47  Marine x2  
  102  19:48  Marine x2, Medivac x2  
  110  19:55  Marauder x2  
  110  19:56  Marauder  
  111  20:00  Barracks Reactor, Barracks Tech Lab x2  
  102  20:17  Marauder x3, Siege Tank  
  102  20:18  Medivac x2, Siege Tank  
  115  20:22  Marine  
  115  20:23  Marine x3  
Show
View Real Time Build Order
Export as new Build Order

qqq Terran 

Build Orders: 2 Factory, Mech 

Get SALT Encoding   

  12  0:00  SCV  
  13  0:12  SCV  
  14  0:25  SCV, Supply Depot  
  15  0:35  Refinery  
  15  0:46  SCV  
  16  0:50  Barracks  
  16  0:58  SCV  
  17  1:10  SCV  
  18  1:13  Supply Depot  
  18  1:23  SCV  
  19  1:35  SCV  
  20  1:44  Factory  
  20  1:47  SCV  
  21  1:59  SCV  
  22  2:03  Command Center  
  23  2:20  Orbital Command  
  22  2:30  Factory Reactor  
  22  2:48  Supply Depot  
  22  2:56  SCV  
  23  3:08  SCV, Factory  
  23  3:12  Widow Mine  
  26  3:17  Widow Mine  
  28  3:22  Refinery  
  28  3:26  SCV  
  29  3:27  Command Center  
  29  3:29  SCV  
  30  3:36  Widow Mine  
  30  3:38  SCV  
  33  3:52  Widow Mine  
  35  3:56  Factory Tech Lab  
  35  4:00  Armory, Supply Depot  
  35  4:09  SCV x2  
  37  4:21  SCV x2  
  39  4:32  Widow Mine  
  39  4:33  Widow Mine, SCV x2  
  45  4:45  SCV x2  
  47  4:54  Widow Mine x2  
  47  4:57  SCV  
  47  4:58  Starport  
  52  5:03  Refinery, SCV x2  
  54  5:10  Refinery  
  54  5:15  Widow Mine x2  
  58  5:44  Medivac  
  58  5:48  SCV  
  58  5:49  SCV  
  63  5:52  Orbital Command  
  63  5:54  Siege Tank  
  65  6:00  SCV  
  65  6:01  SCV  
  67  6:12  Factory  
  67  6:13  Widow Mine x2, SCV x2  
  73  6:20  SCV  
  73  6:25  Refinery x2, SCV x2  
  76  6:32  SCV  
  77  6:41  Engineering Bay  
  77  6:44  Supply Depot  
  77  6:48  Starport Reactor  
  77  6:59  Factory Reactor  
  77  7:06  Widow Mine x2, SCV x3  
  77  7:07  Supply Depot  
  84  7:18  SCV  
  84  7:21  Missile Turret  
  85  7:25  Supply Depot  
  85  7:29  Widow Mine x2, SCV  
  91  7:30  SCV, Supply Depot  
  91  7:35  Supply Depot  
  92  7:41  SCV, Orbital Command  
  92  7:42  SCV  
  92  7:43  Missile Turret  
  93  7:47  Supply Depot  
  93  7:50  Widow Mine x2  
  97  7:53  SCV  
  97  7:54  SCV, Supply Depot  
  99  8:05  SCV  
  100  8:07  Missile Turret  
  100  8:12  Widow Mine x2  
  104  8:15  Medivac x2  
  104  8:19  Supply Depot  
  108  8:22  Siege Tank  
  111  8:27  Widow Mine  
  111  8:28  Widow Mine  
  111  8:33  Widow Mine x2  
  111  8:45  Medivac x2  
  115  8:49  Widow Mine x2  
  115  8:50  Smart Servos  
  115  8:53  Thor  
  115  8:54  Widow Mine x2  
  129  8:57  Terran Vehicle Weapons Level 1  
  129  9:10  Widow Mine x2  
  129  9:15  Viking x2  
  129  9:16  Widow Mine x2  
  130  9:32  Widow Mine x2  
  130  9:37  Widow Mine x2  
  134  9:46  Thor  
  140  9:52  Supply Depot  
  140  10:14  Widow Mine x3  
  140  10:16  Supply Depot  
  138  10:36  Widow Mine x2  
  138  10:39  Supply Depot  
  131  10:51  Terran Vehicle And Ship Armor Level 1, Thor  
  131  10:56  Widow Mine x2  
  145  10:57  Widow Mine x2  
  145  11:02  Fusion Core, Supply Depot  
  145  11:18  Widow Mine x3  
  151  11:27  Supply Depot  
  151  11:33  Thor  
  151  11:36  Widow Mine  
  151  11:39  Widow Mine  
  165  11:40  Widow Mine x2  
  165  11:49  Supply Depot  
  165  11:58  Widow Mine  
  165  12:00  Widow Mine  
  169  12:12  Supply Depot  
  167  12:16  Thor  
  159  12:35  Supply Depot  
  121  12:55  Widow Mine x4  
  121  12:57  Supply Depot  
  129  12:59  Thor  
  135  13:16  Widow Mine x3  
  135  13:17  Widow Mine  
  143  13:24  Supply Depot  
  143  13:27  Command Center  
  143  13:32  Missile Turret  
  143  13:38  Widow Mine x4  
  143  13:39  Factory  
  151  13:42  Thor  
  151  13:47  Supply Depot  
  157  13:51  Missile Turret  
  157  13:52  Missile Turret  
  157  13:54  Missile Turret  
  157  13:59  Widow Mine x4  
  165  14:10  Missile Turret, Supply Depot  
  165  14:11  Missile Turret  
  165  14:14  Missile Turret  
  165  14:17  Starport Tech Lab  
  165  14:24  Factory Tech Lab  
  163  14:25  Thor  
  163  14:28  Widow Mine x4  
  163  14:29  Missile Turret  
  169  14:31  Missile Turret  
  169  14:33  Supply Depot  
  169  14:36  Missile Turret  
  161  14:48  Missile Turret  
  161  14:49  Widow Mine  
  161  14:50  Widow Mine x3  
  161  14:51  Missile Turret  
  155  15:08  Widow Mine  
  155  15:09  Missile Turret  
  155  15:11  Widow Mine x4, Siege Tank  
  168  15:16  Missile Turret  
  168  15:19  Battlecruiser  
  174  15:29  Siege Tank  
  174  15:32  Widow Mine x3  
  174  15:33  Widow Mine  
  174  15:35  Missile Turret  
  159  15:43  Siege Tank  
  160  15:54  Widow Mine x4  
  160  15:55  Sensor Tower, Missile Turret  
  168  16:01  Thor  
  174  16:15  Widow Mine x4, Missile Turret, Siege Tank  
  185  16:23  Battlecruiser  
  188  16:36  Missile Turret  
  188  16:42  Starport  
  188  16:44  Siege Tank  
  188  16:45  Starport  
  191  16:47  SCV, Siege Tank  
  187  16:59  SCV  
  180  17:01  Terran Vehicle Weapons Level 2  
  180  17:11  SCV  
  181  17:16  Siege Tank  
  181  17:19  Siege Tank  
  187  17:24  SCV  
  188  17:36  SCV, Battlecruiser  
  195  17:39  Widow Mine x2  
  134  19:20  Battlecruiser  
  134  19:22  Starport Reactor  
  134  19:24  Viking  
  102  19:47  Thor x2  
  102  19:48  Widow Mine x4  
  118  19:54  Viking  
  120  20:09  Widow Mine x3  
  120  20:10  Widow Mine  
  113  20:24  Viking  
  115  20:31  Widow Mine x4  
Show
View Real Time Build Order
Export as new Build Order

TIMAN Terran - Winner!

Build Orders:  

Get SALT Encoding   

  12  0:00  SCV  
  13  0:12  SCV  
  14  0:22  Supply Depot  
  14  0:24  SCV  
  15  0:44  SCV, Barracks  
  15  0:47  Supply Depot  
  16  0:53  Refinery  
  16  0:56  SCV  
  17  1:06  Refinery  
  17  1:08  SCV  
  18  1:20  SCV  
  19  1:25  Barracks  
  19  1:33  Orbital Command  
  19  1:34  Marine  
  20  1:51  Factory  
  20  1:59  Barracks Reactor  
  20  2:07  SCV  
  21  2:12  Barracks Tech Lab  
  21  2:20  SCV  
  22  2:32  SCV  
  22  2:35  Factory Reactor  
  22  2:36  Starport  
  23  2:38  Marine  
  23  2:39  Marine  
  23  2:41  Marine  
  23  2:44  SCV  
  26  2:58  SCV  
  27  3:04  Marine x2, Stimpack  
  27  3:05  Marine  
  30  3:10  SCV  
  31  3:15  Supply Depot  
  31  3:38  Medivac x2  
  31  3:40  Marauder, Marine x2  
  39  3:58  Factory Tech Lab  
  39  4:12  Marine x2, Command Center  
  39  4:13  Marauder  
  43  4:18  Bunker  
  43  4:19  Siege Tank  
  46  4:30  Marine  
  47  4:45  Engineering Bay  
  47  4:46  Combat Shield  
  47  5:07  Supply Depot  
  47  5:23  SCV, Marine x3, Medivac  
  48  5:35  SCV  
  40  5:49  Orbital Command  
  37  5:55  Barracks, Marauder, Marine x2  
  37  5:56  Medivac  
  43  5:59  SCV  
  43  6:01  Barracks  
  44  6:09  Refinery  
  44  6:11  SCV  
  44  6:16  SCV  
  46  6:20  Terran Infantry Weapons Level 1  
  46  6:23  SCV  
  47  6:31  Concussive Shells  
  47  6:32  Marine x2  
  47  6:35  Marauder  
  51  6:40  SCV  
  51  6:41  SCV  
  51  6:43  Marine  
  54  6:47  Marine  
  54  6:50  Marine x2  
  54  6:53  SCV x2  
  59  6:54  Missile Turret  
  59  6:57  Missile Turret  
  59  7:03  Barracks Reactor  
  59  7:05  SCV x2  
  59  7:06  Liberator  
  64  7:17  SCV x2  
  66  7:28  Command Center  
  66  7:31  SCV  
  66  7:37  Refinery, SCV  
  68  7:41  Sensor Tower  
  68  7:42  Missile Turret  
  68  7:44  SCV, Missile Turret  
  69  7:46  Barracks Reactor  
  69  8:02  Starport, SCV  
  70  8:10  Engineering Bay  
  70  8:13  Armory  
  70  8:33  Missile Turret  
  70  8:39  Missile Turret  
  70  8:40  SCV x2, Siege Tank  
  75  8:43  Factory  
  75  8:49  Starport  
  75  8:50  Terran Infantry Armor Level 1  
  75  8:52  SCV x2  
  75  8:54  Missile Turret  
  75  8:55  Planetary Fortress  
  77  9:04  SCV x2  
  79  9:12  Marauder, Marine x4  
  85  9:24  Supply Depot  
  85  9:25  SCV, Marine, Supply Depot  
  85  9:26  SCV, Marine  
  85  9:27  Liberator  
  85  9:28  Liberator  
  81  9:38  SCV x2  
  83  9:40  Marine x2  
  83  9:41  Factory Tech Lab  
  83  9:45  Liberator, Marine x2, Siege Tank  
  93  9:46  Marine  
  93  9:49  Supply Depot  
  93  9:50  SCV x2, Supply Depot  
  93  10:11  Command Center  
  88  10:36  Marine x5  
  88  10:37  Marine x2  
  88  10:38  Siege Tank x2  
  88  10:39  Viking x2  
  74  10:59  SCV x3  
  74  11:02  Terran Infantry Armor Level 2, Terran Infantry Weapons Level 2  
  74  11:04  Terran Vehicle Weapons Level 1  
  77  11:06  Armory  
  77  11:07  Marauder, Marine x5  
  77  11:10  Siege Tank  
  77  11:11  SCV  
  88  11:16  Bunker  
  88  11:17  Marine  
  89  11:18  Bunker  
  89  11:19  Bunker, Siege Tank  
  89  11:24  Marine  
  89  11:25  Marine  
  94  11:27  Viking  
  94  11:28  Marauder  
  94  11:31  Refinery  
  98  11:33  Refinery  
  98  11:34  Refinery x2, Orbital Command  
  98  11:48  Starport Reactor  
  98  11:49  Medivac  
  98  11:50  Marauder  
  98  11:53  Marine  
  103  11:55  Siege Tank  
  106  12:02  SCV, Barracks  
  106  12:03  SCV x3  
  110  12:11  Marauder  
  110  12:14  SCV  
  114  12:15  SCV x2  
  114  12:16  SCV  
  114  12:17  Terran Vehicle And Ship Armor Level 1  
  114  12:22  Marine x6  
  120  12:26  SCV  
  120  12:27  Barracks  
  120  12:28  SCV  
  124  12:32  Marauder  
  126  12:39  Marine  
  126  12:44  Marine x2  
  128  12:48  Marine x2  
  128  12:51  Marine  
  132  12:55  Command Center  
  132  13:12  Barracks Tech Lab  
  132  13:15  Barracks Tech Lab  
  132  13:33  Terran Infantry Weapons Level 3, Terran Infantry Armor Level 3  
  132  13:38  Starport Tech Lab  
  132  14:07  SCV x3, Marauder, Marine x4, Thor  
  147  14:13  Planetary Fortress  
  147  14:33  Command Center  
  147  14:36  SCV, Marine x5  
  147  14:38  SCV, Marine  
  147  14:39  Medivac x4  
  147  14:53  SCV  
  147  15:18  Marine x2  
  147  15:27  Supply Depot  
  147  15:28  Supply Depot  
  147  15:31  Supply Depot  
  147  15:33  Factory, Supply Depot x2  
  147  15:34  Factory  
  147  15:35  Supply Depot  
  147  15:39  Factory  
  147  15:44  Marine x5, Thor  
  147  15:45  SCV, Siege Tank  
  147  15:49  SCV, Marauder, Raven, Marine, Medivac  
  170  15:50  SCV x2, Marauder, Medivac x2  
  170  15:51  Supply Depot  
  170  15:52  Medivac  
  170  15:53  SCV, Marauder  
  170  15:55  Refinery  
  170  15:57  Refinery  
  170  16:02  Marine x5  
  173  16:06  Marine  
  173  16:10  Marauder  
  156  16:12  Marauder  
  156  16:14  Marine  
  156  16:17  Siege Tank  
  136  16:20  Marine  
  136  16:21  Marine  
  136  16:22  Factory Tech Lab  
  136  16:23  Factory Tech Lab  
  138  16:28  Siege Tank  
  138  16:31  Medivac  
  138  16:32  Marauder x2  
  144  16:33  Marauder  
  144  16:37  Orbital Command  
  140  16:49  Siege Tank  
  140  16:53  Marauder x2  
  139  17:00  Siege Tank  
  127  17:04  Factory Tech Lab  
  127  17:05  Thor x2  
  127  17:07  Marauder, Marine x3  
  127  17:08  Marine x3  
  136  17:12  Liberator x4  
  136  17:13  Raven  
  136  17:15  Marauder x2  
  155  17:19  Barracks  
  155  17:20  Barracks  
  155  17:22  Barracks  
  155  17:23  Neosteel Armor  
  155  17:24  Terran Vehicle Weapons Level 2, Barracks  
  155  17:25  Terran Vehicle And Ship Armor Level 2, Marine x4  
  155  17:26  Marine x2  
  161  17:32  Thor x2  
  161  17:33  Thor  
  161  17:35  Marine x2  
  161  17:36  Marine  
  182  17:43  Marine x3  
  185  17:50  Marine x3  
  188  17:53  Marauder  
  188  17:54  Marauder x2  
  194  18:01  Marine x3  
  197  18:08  Marine x3  
  197  18:28  Viking  
  197  18:29  Viking x3  
  179  18:43  Medivac  
  179  18:45  Marine x3  
  179  18:46  Marine x6  
  187  18:51  Barracks Reactor x2  
  187  18:52  Barracks Reactor, Barracks Tech Lab  
  187  18:58  Medivac  
  187  19:01  Thor  
  195  19:03  Marine x3  
  195  19:04  Marine x2  
  196  19:20  Marine  
  196  19:21  Marine x3  
  161  19:37  Marine x12  
  162  19:38  Marine x2  
  162  19:39  Marine x2, Thor x4  
  162  19:41  Medivac x3  
  162  19:43  Thor  
  185  19:54  Marine x2  
  185  19:55  Marine x8  
  187  20:01  Marine  
  187  20:02  Marauder x2, Marine  
  187  20:06  Marine x2  
  195  20:12  Marine x2  
  195  20:13  Marine x3  
  189  20:15  Marine x4  
  189  20:16  Marauder  
  193  20:24  Marauder  
  184  20:34  Marine  
  184  20:35  Marine x6  
  180  20:36  Marine x4  
Show
View Real Time Build Order
Export as new Build Order

GRRROVER Zerg - Winner!

Build Orders: Hatch First, Muta Ling Bane 

Get SALT Encoding   

  12  0:11  Drone  
  12  0:12  Drone  
  14  0:19  Overlord  
  14  0:37  Drone  
  14  0:38  Drone  
  16  0:53  Drone  
  16  0:56  Drone  
  18  0:57  Hatchery  
  17  1:06  Drone  
  18  1:13  Extractor  
  18  1:17  Spawning Pool  
  16  1:18  Drone  
  17  1:28  Drone  
  18  1:39  Drone  
  19  1:49  Overlord  
  19  2:04  Queen  
  19  2:08  Zergling x2  
  22  2:09  Queen  
  22  2:10  Drone  
  22  2:12  Drone  
  22  2:14  Metabolic Boost  
  26  2:29  Hatchery  
  25  2:33  Drone  
  25  2:35  Drone  
  27  2:47  Drone x4  
  31  2:53  Drone  
  32  3:00  Overlord  
  33  3:05  Zergling x2  
  32  3:28  Drone x2, Zergling x6  
  32  3:29  Drone x3  
  40  3:38  Drone x2  
  42  3:43  Drone  
  42  3:44  Queen  
  42  3:46  Drone x2  
  47  3:53  Drone  
  47  3:55  Lair  
  48  3:59  Drone x2, Extractor  
  48  4:01  Extractor  
  48  4:02  Extractor  
  47  4:15  Drone x3  
  47  4:16  Overlord x4  
  50  4:24  Overlord x2  
  50  4:34  Queen  
  50  4:36  Drone x6  
  58  4:42  Zergling x2  
  58  4:43  Zergling x8  
  63  4:50  Baneling Nest  
  63  4:51  Drone  
  63  4:57  Drone x3  
  63  4:58  Drone  
  67  5:01  Drone x3  
  70  5:13  Spore Crawler  
  70  5:14  Drone  
  70  5:15  Drone x5  
  70  5:16  Drone  
  71  5:44  Extractor, Zergling x2  
  71  5:45  Zergling x14  
  71  5:46  Extractor  
  71  5:47  Overseer x2  
  71  5:48  Overseer  
  77  5:51  Centrifical Hooks  
  77  5:52  Hatchery  
  77  5:53  Spire  
  77  5:54  Drone x2  
  77  5:55  Drone x2  
  77  5:57  Evolution Chamber  
  78  6:00  Evolution Chamber  
  77  6:07  Spore Crawler  
  77  6:10  Spore Crawler  
  75  6:11  Drone x2  
  75  6:14  Drone x3  
  80  6:29  Zerg Melee Weapons Level 1, Zerg Ground Armor Level 1  
  80  6:33  Zergling x18  
  80  6:34  Zergling x8  
  93  6:40  Queen  
  93  6:41  Overlord  
  93  6:42  Overlord x2  
  95  7:08  Mutalisk x2, Overlord x2  
  95  7:09  Mutalisk x8  
  115  7:19  Drone  
  115  7:21  Drone x3  
  115  7:22  Overlord x3  
  119  7:31  Pneumatized Carapace  
  119  7:35  Zerg Flyer Weapons Level 1  
  119  7:38  Zergling x2  
  119  7:39  Zergling x18, Infestation Pit  
  128  7:47  Spore Crawler  
  127  7:58  Drone  
  127  7:59  Drone x5, Zergling x6  
  136  8:12  Hatchery  
  132  8:15  Spine Crawler  
  132  8:16  Spine Crawler  
  130  8:20  Queen  
  127  8:32  Baneling x4  
  127  8:33  Baneling x28  
  127  8:34  Baneling x2  
  127  8:41  Drone x3  
  130  8:42  Drone x2  
  130  8:43  Drone  
  133  8:55  Queen  
  88  9:29  Mutalisk  
  88  9:30  Mutalisk x11  
  106  9:42  Drone x3  
  106  9:43  Drone x5, Queen  
  106  9:44  Drone x2  
  118  9:50  Extractor  
  118  9:51  Extractor  
  118  9:52  Drone x2  
  118  9:53  Drone x2  
  118  9:56  Zerg Flyer Weapons Level 2  
  118  9:58  Hive  
  118  9:59  Zerg Melee Weapons Level 2  
  120  10:10  Extractor  
  120  10:11  Extractor, Drone x5  
  120  10:12  Drone x3  
  126  10:26  Zergling x18  
  126  10:27  Zergling x2  
  130  10:37  Overseer  
  128  10:57  Zergling x26  
  124  10:58  Zergling x8  
  124  10:59  Baneling  
  124  11:00  Baneling  
  124  11:01  Baneling x16  
  140  11:18  Mutalisk  
  140  11:19  Mutalisk x8, Zergling x2  
  159  11:47  Mutalisk  
  159  11:48  Mutalisk x2  
  159  11:50  Overlord x4  
  159  11:51  Overlord x3  
  159  11:52  Zerg Ground Armor Level 2  
  165  12:01  Hatchery  
  164  12:03  Spire  
  164  12:05  Adrenal Glands  
  163  12:13  Zerg Flyer Armor Level 1  
  162  12:40  Mutalisk x7  
  162  12:41  Mutalisk x3  
  166  12:49  Mutalisk  
  166  12:50  Mutalisk  
  166  12:51  Zergling x28  
  172  12:52  Zergling x16  
  192  13:09  Baneling  
  192  13:10  Baneling x18  
  192  13:12  Zergling x24  
  198  13:28  Greater Spire  
  198  13:32  Zerg Melee Weapons Level 3  
  189  14:23  Overseer  
  187  14:40  Overseer  
  187  14:47  Mutalisk x5  
  187  14:48  Mutalisk  
  199  15:11  Baneling x14  
  199  15:12  Baneling x28  
  199  15:13  Baneling x5  
  111  15:45  Corruptor x10  
  111  15:46  Corruptor x12  
  155  16:06  Overseer x2  
  137  16:41  Brood Lord  
  137  16:42  Brood Lord  
  137  16:43  Brood Lord x7  
  155  16:48  Zergling x4  
  155  16:49  Zergling x56  
  155  16:50  Zergling x12  
  190  16:56  Corruptor  
  189  17:18  Baneling x4  
  189  17:19  Baneling x27  
  189  17:23  Corruptor  
  189  17:40  Brood Lord x2  
  189  17:42  Brood Lord  
  189  17:43  Overseer  
  193  18:35  Brood Lord x3  
  155  19:23  Corruptor x6  
  155  19:24  Corruptor x9  
  168  19:56  Corruptor x3  
  168  19:57  Zergling x16  
  168  19:58  Zergling x2  
  183  20:08  Zergling x2  
  183  20:09  Zergling x6  
  166  20:51  Hatchery  
Tags
 
Add a new tag
Caveats
  • Supply blocks, unpowered buildings, or Contaminate may cause inaccurate times.
  • Supply counts are checked every 10 seconds.